Map: 禅园-天梯版

Players

IIIIIIIIIIII

  • Race: Zerg Zerg
  • League: Grandmaster
  • Spawn Location: 7:00

llllllllllll - Winner!

  • Race: Terran Terran
  • League: Master
  • Spawn Location: 1:00

VOD

Have the link to the VOD?

Description

Time

  • Played on: May 2, 2020, 11:45 a.m.
  • Length: 8:00
Show
View Real Time Build Order
Export as new Build Order

IIIIIIIIIIII Zerg 

Build Orders: Hatch First 

Get SALT Encoding   

  12  0:00  Drone  
  13  0:12  Overlord  
  13  0:18  Drone  
  14  0:30  Drone  
  14  0:31  Drone  
  16  0:48  Hatchery  
  15  0:53  Drone  
  15  0:56  Drone  
  17  0:59  Drone  
  18  1:09  Extractor  
  17  1:15  Spawning Pool  
  17  1:18  Drone  
  17  1:21  Drone  
  18  1:28  Drone  
  19  1:38  Drone  
  20  1:49  Drone  
  21  2:02  Queen x2  
  21  2:03  Zergling x4  
  27  2:12  Zergling x2  
  28  2:20  Hatchery  
  27  2:29  Drone  
  28  2:36  Overlord  
  28  2:41  Queen, Extractor x2  
  30  2:50  Overlord  
  30  2:52  Metabolic Boost  
  30  2:58  Drone x4  
  34  3:00  Drone  
  34  3:04  Drone  
  36  3:14  Drone  
  36  3:19  Drone x2  
  39  3:24  Drone  
  39  3:25  Drone  
  41  3:27  Drone x2  
  41  3:30  Drone  
  41  3:31  Queen  
  41  3:32  Overlord  
  46  3:37  Queen  
  46  3:39  Drone  
  49  3:44  Overlord  
  49  3:49  Drone  
  49  3:54  Drone x4  
  54  3:57  Drone x2  
  54  3:59  Drone x2  
  54  4:02  Overlord  
  58  4:03  Drone  
  58  4:05  Drone  
  58  4:09  Queen  
  60  4:15  Queen  
  64  4:17  Evolution Chamber  
  63  4:24  Evolution Chamber  
  63  4:27  Queen  
  63  4:30  Drone  
  65  4:33  Drone, Spore Crawler x2  
  65  4:34  Spore Crawler  
  65  4:37  Drone  
  65  4:38  Drone x3  
  67  4:45  Zerg Ground Armor Level 1  
  67  4:46  Drone x2  
  67  4:47  Drone  
  67  4:52  Drone x4  
  74  4:54  Overlord  
  74  4:59  Zerg Melee Weapons Level 1  
  74  5:03  Overlord x2  
  74  5:07  Overlord x2  
  74  5:13  Drone x4  
  74  5:14  Drone x3  
  80  5:17  Extractor  
  80  5:18  Extractor  
  80  5:19  Drone x2  
  80  5:20  Drone, Extractor  
  81  5:22  Drone  
  81  5:24  Drone  
  83  5:28  Lair, Extractor  
  83  5:29  Drone  
  83  5:30  Extractor  
  83  5:31  Drone x3  
  83  5:34  Drone  
  86  5:39  Drone  
  86  5:40  Drone  
  86  5:41  Drone x2  
  90  5:45  Drone, Baneling Nest  
  90  5:46  Drone x4  
  90  5:49  Drone  
  95  5:54  Overlord  
  95  6:01  Overlord  
  95  6:05  Zergling x8, Hatchery  
  95  6:06  Spore Crawler  
  97  6:13  Zergling x16  
  105  6:30  Overseer, Zergling x12  
  110  6:35  Centrifical Hooks  
  110  6:38  Spire  
  109  6:46  Overlord  
  109  6:48  Zergling x2  
  109  6:49  Zergling x12  
  116  6:56  Hatchery  
  115  7:03  Zergling x14  
  120  7:19  Baneling x6  
  120  7:26  Zergling x28  
  125  7:42  Zergling x16  
Show
View Real Time Build Order
Export as new Build Order

llllllllllll Terran - Winner!

Build Orders: Reaper Expand, Hellion Banshee 

Get SALT Encoding   

  12  0:01  SCV  
  13  0:13  SCV  
  14  0:17  Supply Depot  
  14  0:25  SCV  
  15  0:38  SCV  
  15  0:40  Barracks  
  16  0:44  Refinery  
  16  0:50  SCV  
  17  1:02  SCV  
  18  1:15  SCV  
  19  1:27  Orbital Command, Reaper  
  20  1:40  Command Center  
  20  1:51  Supply Depot  
  20  1:53  SCV  
  21  1:58  Marine  
  22  2:05  SCV  
  23  2:16  Factory  
  23  2:17  SCV  
  23  2:21  Barracks Reactor  
  24  2:29  SCV  
  25  2:37  Command Center  
  25  2:41  SCV  
  26  2:52  Orbital Command  
  26  2:53  SCV  
  27  3:02  Starport  
  27  3:05  Refinery, SCV  
  28  3:17  SCV  
  28  3:18  Hellion x2  
  28  3:19  SCV  
  34  3:25  Barracks Tech Lab  
  34  3:29  SCV  
  34  3:31  SCV  
  38  3:41  Hellion x2, SCV  
  38  3:43  SCV  
  42  3:48  Banshee  
  42  3:51  Orbital Command  
  42  3:54  SCV  
  42  3:55  SCV  
  47  3:56  Cloaking Field  
  47  4:04  Hellion x2  
  47  4:06  SCV  
  47  4:07  SCV  
  53  4:12  Supply Depot  
  53  4:13  Barracks Tech Lab  
  53  4:18  SCV  
  53  4:19  SCV  
  53  4:22  Orbital Command  
  55  4:25  Supply Depot  
  55  4:30  SCV, Barracks  
  56  4:31  SCV, Banshee  
  56  4:33  Barracks  
  60  4:40  Stimpack  
  60  4:41  Marine  
  60  4:42  SCV  
  60  4:43  SCV  
  63  4:47  Factory Reactor  
  63  4:49  SCV  
  64  4:53  Supply Depot  
  64  4:54  SCV, Engineering Bay  
  64  4:56  SCV, Engineering Bay  
  64  4:58  Marine  
  64  4:59  Refinery  
  67  5:01  Refinery, SCV  
  67  5:06  SCV  
  69  5:10  SCV  
  69  5:14  SCV  
  71  5:18  SCV  
  72  5:22  Marine x2, SCV  
  72  5:26  SCV, Barracks  
  72  5:27  Starport Reactor  
  76  5:29  Terran Infantry Weapons Level 1, Terran Infantry Armor Level 1  
  76  5:30  SCV  
  76  5:34  SCV  
  76  5:35  Barracks  
  78  5:37  Marine x3, Supply Depot  
  78  5:38  SCV  
  82  5:42  SCV  
  82  5:46  SCV  
  82  5:47  Marine  
  82  5:48  Supply Depot  
  85  5:58  Marine x2  
  85  5:59  Siege Tank, SCV x3  
  85  6:02  Supply Depot  
  85  6:03  Supply Depot  
  93  6:09  Marine x3, Supply Depot  
  93  6:11  SCV x3  
  99  6:15  Barracks Reactor  
  99  6:16  Marine x2  
  101  6:20  Combat Shield  
  101  6:21  Barracks Reactor  
  101  6:22  Supply Depot  
  101  6:24  Medivac x2, SCV x3  
  101  6:25  Supply Depot  
  108  6:27  Marine  
  108  6:31  Siege Tank  
  113  6:33  Marine  
  113  6:36  SCV x3  
  113  6:37  Refinery  
  113  6:39  Marine x2  
  117  6:44  Armory  
  117  6:45  Marine x2  
  120  6:48  SCV x2  
  120  6:50  Supply Depot  
  120  6:51  Marine  
  123  6:54  SCV  
  123  6:57  Marine  
  123  6:59  Marine x4, Command Center  
  123  7:00  Marine, Supply Depot  
  130  7:03  Marine x2, Siege Tank  
  135  7:09  Marine  
  135  7:14  Marine  
  137  7:17  Marine x5, Supply Depot  
  137  7:21  Marine x2  
  137  7:22  Medivac x2  
  146  7:27  Marine  
  147  7:32  Marine  
  147  7:33  Barracks  
  147  7:34  Barracks  
  147  7:35  Marine x5, Barracks  
  148  7:40  Marine  
Tags
 
Add a new tag
Caveats
  • Supply blocks, unpowered buildings, or Contaminate may cause inaccurate times.
  • Supply counts are checked every 10 seconds.